 Dungeon Crawl Stone Soup version 0.29-a0-275-g389c0b56f3 (webtiles) character file.

Game seed: 3550878301117199543

63 Armakuni the Twirler (level 3, -1/22 HPs)
             Began as a Deep Elf Wanderer on Mar 10, 2022.
             Succumbed to an adder's poison
             ... on level 2 of the Dungeon.
             The game lasted 00:03:40 (2234 turns).

Armakuni the Twirler (Deep Elf Wanderer)            Turns: 2234, Time: 00:03:41

Health: -1/22      AC:  3    Str: 10    XL:     3   Next: 87%
Magic:  7/7        EV: 13    Int: 13    God:
Gold:   127        SH:  0    Dex: 18    Spells: 5/5 levels left

rFire   . . .      SeeInvis .   a - +0 long sword
rCold   . . .      Faith    .   (no shield)
rNeg    . . .      Spirit   .   e - +0 robe
rPois   .          Reflect  .   c - +0 helmet
rElec   .          Harm     .   (no cloak)
rCorr   .          Rampage  .   (no gloves)
Will    .....                   (no boots)
Stlth   ++........              (no amulet)
HPRegen 0.07/turn               (no ring)
MPRegen 0.10/turn               (no ring)

@: lethally poisoned (-1 -> -11)
A: no striking features
a: no special abilities


You were on level 2 of the Dungeon.
You visited 1 branch of the dungeon, and saw 2 of its levels.

You collected 127 gold pieces.

Inventory:

Hand Weapons
 a - a +0 long sword (weapon)
 b - a +0 quarterstaff
Missiles
 k - a poisoned dart (quivered)
Armour
 c - a +0 helmet (worn)
 e - a +0 robe (worn)
Scrolls
 d - a scroll of teleportation
Potions
 f - a potion of curing
 g - a potion of invisibility {unknown}
 h - a potion of ambrosia {unknown}
 i - a potion of degeneration {unknown}
 j - a potion of lignification {unknown}


   Skills:
 + Level 2.9 Fighting
 - Level 2.6 Long Blades
 - Level 3.0 Staves
 - Level 1.0 Armour
 - Level 2.4 Dodging
 - Level 1.5 Spellcasting


You had 5 spell levels left.
You didn't know any spells.
Your spell library was empty.

Dungeon Overview and Level Annotations

Branches:
Dungeon (2/15)

Altars:


Message History

You hit the endoplasm.
You kill the endoplasm!
You slash the rat!
You kill the rat!
An adder is nearby!
The adder closely misses you. The adder misses you.
You closely miss the adder. The adder closely misses you.
You miss the adder. The adder bites you but does no damage.
The adder closely misses you.
You closely miss the adder. The adder closely misses you.
You miss the adder. The adder bites you.
You are poisoned.
The adder poisons you! The adder barely misses you.
You hit the adder.
The adder is heavily wounded.
You feel sick. The adder bites you but does no damage. The adder bites you.
You are more poisoned.
The adder poisons you!
You closely miss the adder.
The adder is heavily wounded.
You feel sick. The adder closely misses you.
You barely miss the adder. Your punch misses the adder.
The adder is heavily wounded.
You feel very sick. The adder bites you. The adder barely misses you.
You hit the adder.
The adder is severely wounded.
You feel sick. The adder misses you. The adder bites you but does no damage.
You closely miss the adder.
The adder is severely wounded.
You feel sick. The adder barely misses you.
You closely miss the adder.
The adder is severely wounded.
You feel sick. The adder bites you.
* * * LOW HITPOINT WARNING * * *
You are more poisoned.
The adder poisons you! The adder closely misses you.
You barely miss the adder.
The adder is severely wounded.
You die...

............. #$..)..#
###..#.#.# #.#
...>.....(# # #.#
.....####.###..# #.#
..## #....).# #.# ####
#.##...# #.# #...
#######.##.### #.# #.##
#......@....# #.###.#
#.#####S##..# #.....##
#.#####.##..#####.###...
#...........##).<.# ###.
#..####.###.##.#### #.
...####.# #.##.# #.
........###.##.# #.
#.#####........# #.
..........#.#### #.


You could see an adder.

Vanquished Creatures
  An adder (D:2)
  A worm (D:2)
  4 dart slugs (D:1)
  2 ball pythons (D:1)
  5 endoplasms
  4 goblins
  4 hobgoblins (D:1)
  5 jackals
  A quokka (D:1)
  3 bats
  2 frilled lizards
  6 kobolds
  2 rats
40 creatures vanquished.

Notes
Turn   | Place    | Note
-------+----------+-------------------------------------------
     0 | D:1      | Armakuni the Deep Elf Wanderer began the quest for the Orb.
     0 | D:1      | Armakuni set off with the following items: a +0 long sword,
                  | a +0 quarterstaff, a +0 helmet, a potion of attraction, a
                  | +0 robe
     0 | D:1      | Reached XP level 1. HP: 10/10 MP: 5/5
   148 | D:1      | Reached skill level 1 in Fighting
   183 | D:1      | Reached XP level 2. HP: 16/16 MP: 6/6
   877 | D:1      | Reached XP level 3. HP: 21/21 MP: 7/7
  2234 | D:2      | Succumbed to an adder's poison

Illustrated notes

Levels and vault maps discovered:
D:1:      minmay_arrival_checkered_box, layout_loops_ring,
          minmay_tree_intersection
D:2:      layout_loops_ring

Skill      XL: |  1  2 |
---------------+-------+-----
Fighting       | 1 2 |  2.9
Long Blades    | |  2.6
Staves         | |  3.0
Armour         | |  1.0
Dodging        | |  2.4
Spellcasting   | |  1.5

Action                   || total
-------------------------++-------
Melee: Long sword        ||   121
Throw: Dart              ||     2
  Use: Scroll            ||     3
       Potion            ||     1
 Stab: Sleeping          ||     4
Armor: Robe              ||    27
Dodge: Dodged            ||    84

Table legend: (Time is in decaauts)
 A = Elapsed time spent in this place.
 B = Non-inter-level travel time spent in this place.
 C = Inter-level travel time spent in this place.
 D = Time resting spent in this place.
 E = Time spent auto-exploring this place.
 F = Levels seen in this place.
 G = Mean time per level.
                   A        B        C        D        E       F      G
               +--------+--------+--------+--------+--------+-----+--------+
         Total |   2265 |   2188 |     77 |    641 |   1160 |   2 | 1132.5 |
       Dungeon |   2265 |   2188 |     77 |    641 |   1160 |   2 | 1132.5 |
               +--------+--------+--------+--------+--------+-----+--------+

Top non-repeatable levels by time:
     D:1: 1273 daAuts
     D:2: 992 daAuts
